 Dungeon Crawl Stone Soup version 0.17-a0-1804-gf6433eb (webtiles) character file.

69 DEFE the Shield-Bearer (level 3, 0/31 HPs)
             Began as a Demigod Fighter on Sept 11, 2015.
             Killed from afar by masdan's ghost (7 damage)
             ... with a stone arrow
             ... on level 3 of the Dungeon.
             The game lasted 00:01:56 (1639 turns).

DEFE the Shield-Bearer (Demigod Fighter)            Turns: 1639, Time: 00:01:56

Health: 0/31       AC:  9    Str: 26    XL:     3   Next: 75%
Magic:  5/5        EV:  6    Int: 12    God:
Gold:   88         SH: 10    Dex: 15    Spells: 0 memorised, 2 levels left

rFire  . . .     SeeInvis .     a - +0 flail
rCold  . . .     Clarity  .     o - +0 chain mail
rNeg   . . .     SustAt   +     c - +0 shield
rPois  .         Gourm    .     (no helmet)
rElec  .         Spirit   .     (no cloak)
rCorr  .         Warding  .     (no gloves)
rMut   .         Stasis   .     (no boots)
MR     .....                    (no amulet)
Stlth  ..........               (no ring)
                                (no ring)

@: mighty, not resistant to hostile enchantments, extremely unstealthy
A: high mp 1, sustain attributes
a: no special abilities


You were on level 3 of the Dungeon.
You were hungry.

You visited 1 branch of the dungeon, and saw 3 of its levels.

You collected 88 gold pieces.

Inventory:

Hand weapons
 a - a +0 flail (weapon)
Armour
 b - a +0 scale mail
 c - a +0 shield (worn)
 o - a +0 chain mail (worn)
Jewellery
 l - a cursed -4 ring of dexterity {unknown}
Magical devices
 n - a wand of polymorph (0)
Scrolls
 f - 3 scrolls of identify {unknown}
 j - a scroll of remove curse {unknown}
 s - a scroll of noise {unknown}
 v - a scroll of amnesia {unknown}
Potions
 h - a potion of brilliance {unknown}
 i - a potion of heal wounds {unknown}
 k - a potion of agility {unknown}
 m - a potion of resistance {unknown}
 p - a potion of poison {unknown}
 q - a potion of degeneration {unknown}
Comestibles
 e - 3 bread rations
 g - a beef jerky
 r - 2 meat rations
 u - a slice of pizza


   Skills:
 + Level 3.1 Fighting
 + Level 2.4 Maces & Flails
 + Level 3.0 Armour
 + Level 3.4 Shields


You had 2 spell levels left.
You didn't know any spells.

Dungeon Overview and Level Annotations

Branches:
Dungeon (3/15)

Annotations:
D:3 masdan's ghost, average HuEE


Innate Abilities, Weirdness & Mutations

You have an increased reservoir of magic (+10% MP).
Your attributes are resistant to harm.


Message History

You block the rocky blast.
You bludgeon masdan's ghost!!
Masdan's ghost is heavily damaged.
Masdan's ghost hits you.
You barely miss masdan's ghost.
Masdan's ghost is heavily damaged.
You block masdan's ghost's attack.
Masdan's ghost points at you and mumbles some strange words.
The stone arrow hits you!
Ouch! That really hurt!
* * * LOW HITPOINT WARNING * * *
All of the chunks of flesh in your inventory have rotted away.
You closely miss masdan's ghost.
Masdan's ghost is heavily damaged.
Masdan's ghost hits you but does no damage.
You hit masdan's ghost.
Masdan's ghost is severely damaged.
Masdan's ghost points at you and mumbles some strange words.
The stone arrow hits you!
You die...

#.#.... ...... #
#.#..# #
#.#.#..#.#
.#......
.....######
#W........#
#@###.....#
#.#.......######
#.#..(......(..#
#.####.####....#
#..............#
##......###....#
#.............#
#########.....#
#.....###


You could see masdan's ghost.

Vanquished Creatures
  2 adders
  An ooze (D:1)
  2 worms (D:2)
  2 giant geckos
  5 orcs (D:3)
  2 giant cockroaches (D:1)
  6 goblins
  A hobgoblin (D:1)
  4 jackals (D:2)
  4 kobolds (D:1)
  A ball python (D:2)
  5 bats
35 creatures vanquished.

Notes
Turn   | Place    | Note
--------------------------------------------------------------
     0 | D:1      | DEFE the Demigod Fighter began the quest for the Orb.
     0 | D:1      | Reached XP level 1. HP: 18/18 MP: 3/3
    84 | D:1      | Reached XP level 2. HP: 12/25 MP: 4/4
   628 | D:1      | Reached skill level 3 in Shields
  1077 | D:2      | Reached XP level 3. HP: 31/31 MP: 5/5
  1336 | D:3      | Found a glowing golden altar of the Shining One.
  1627 | D:3      | Noticed masdan's ghost (average HuEE)
  1639 | D:3      | Killed from afar by masdan's ghost

Vault maps used:
D:1:      dpeg_arrival_oval, serial_park_tiny_1
D:2:      supply_closet_lemuel
D:3:      lemuel_round_altar, first_bread

Action                   || total
-------------------------++-------
Melee: Flail             ||   123
Evoke: Wand              ||     2
  Use: Potion            ||     2
  Eat: Chunk             ||     2
